 Dungeon Crawl Stone Soup version 0.21.1-1-g345015fe64 (webtiles) character file.

2 Gargoyl the Skirmisher (level 1, -2/19 HPs)
             Began as a Centaur Abyssal Knight on Apr 10, 2018.
             Was an Initiate of Lugonu.
             Slain by a leopard gecko (5 damage)
             ... on level 1 of the Dungeon.
             The game lasted 00:00:58 (245 turns).

Gargoyl the Skirmisher (Centaur Abyssal Knight)      Turns: 245, Time: 00:00:58

Health: -2/19      AC:  4    Str: 14    XL:     1   Next: 25%
Magic:  2/2        EV:  9    Int: 11    God:    Lugonu [......]
Gold:   125        SH:  0    Dex:  8    Spells: 0/0 levels left

rFire    . . .     SeeInvis +   a - +1 hand axe
rCold    . . .     Gourm    .   (no shield)
rNeg     . . .     Faith    .   b - +0 leather armour
rPois    .         Spirit   .   (no helmet)
rElec    .         Reflect  .   (no cloak)
rCorr    .         Harm     .   (no gloves)
MR       .....                  (no barding)
Stlth    ..........             (no amulet)
HPRegen  0.06/turn              e - ring of see invisible
MPRegen  0.08/turn              (no ring)

@: very quick
A: large, hooves 3, deformed body, speed 2, tough skin 3
a: Renounce Religion


You were on level 1 of the Dungeon.
You worshipped Lugonu.
Lugonu was noncommittal.
You were not hungry.

You visited 1 branch of the dungeon, and saw 1 of its levels.
You visited the Abyss 1 time.

You collected 125 gold pieces.

Inventory:

Hand Weapons
 a - a +1 hand axe (weapon)
Armour
 b - a +0 leather armour (worn)
Jewellery
 e - a ring of see invisible (left hand)
Wands
 d - a wand of digging (7)
Comestibles
 c - 3 rations


   Skills:
 + Level 3.0 Fighting
 + Level 1.7 Axes
 * Level 1.5 Armour
 + Level 0.6 Dodging
 * Level 2.0 Invocations


You couldn't memorise any spells.
You didn't know any spells.

Dungeon Overview and Level Annotations

Branches:
Dungeon (1/15)

Altars:


Innate Abilities, Weirdness & Mutations

You have hooves in place of feet.
Armour fits poorly on your strangely shaped body.
You cover ground very quickly.
You have extremely tough skin. (AC +3)


Message History

The hobgoblin shouts!
You hit the plant. The bat hits you but does no damage.
The bat barely misses you. The leopard gecko bites you.
The bat barely misses you.
The leopard gecko bites you but does no damage.
Unknown command.
You closely miss the leopard gecko. You hit the plant but do no damage.
You closely miss the bat. The bat hits you but does no damage. x2
The leopard gecko bites you.
* * * LOW HITPOINT WARNING * * *
You hit the leopard gecko. Your kick misses the leopard gecko.
The leopard gecko is almost dead.
You completely miss the plant. You miss the bat. The bat hits you.
* * * LOW HITPOINT WARNING * * *
The bat hits you but does no damage. The leopard gecko barely misses you.
You barely miss the leopard gecko. Your kick misses the leopard gecko.
The leopard gecko is almost dead.
You hit the bat but do no damage. You hit the plant but do no damage.
The bat hits you but does no damage. The leopard gecko bites you.
You die...

..........
...!...... .
........#####.#
... ........#
##.##.....[.#
##...........#
#...gw.>.....#
...###8l8###....
. ##≈≈≈@≈≈≈##...
##≈≈≈.P.≈≈≈## .
##≈≈P..8b.P≈≈##
#≈≈≈.......≈≈≈#
#≈P.8..<..8.P≈#
#≈≈≈.......≈≈≈#
##≈≈P..8..P≈≈##
##≈≈≈.P.≈≈≈##
##≈≈≈≈≈≈≈##


You could see a dart slug, a leopard gecko, a hobgoblin and a bat.

Vanquished Creatures
  A goblin (D:1)
  A frilled lizard (D:1)
2 creatures vanquished.

Vanquished Creatures (others)
  2 starspawn tentacles (Abyss:3)
2 creatures vanquished.

Grand Total: 4 creatures vanquished

Notes
Turn   | Place    | Note
-------+----------+-------------------------------------------
     0 | Abyss:1  | Gargoyl the Centaur Abyssal Knight began the quest for the Orb.
     0 | Abyss:1  | Reached XP level 1. HP: 19/19 MP: 2/2
    85 | Abyss:2  | Noticed a large abomination
   106 | Abyss:2  | Noticed a worldbinder
   123 | Abyss:2  | Noticed a chaos spawn
   124 | Abyss:2  | Noticed a blink frog
   130 | Abyss:3  | Noticed a jelly
   163 | Abyss:3  | Found a corrupted altar of Lugonu.
   209 | Abyss:3  | Noticed a tentacled starspawn
   215 | D:1      | Escaped the Abyss
   245 | D:1      | Slain by a leopard gecko

Action                   || total
-------------------------++-------
Melee: Hand axe          ||    18
       Kick              ||     1
Invok: Depart the Abyss  ||     1
  Use: Scroll            ||     2
       Potion            ||     2
Armor: Leather armour    ||    21
Dodge: Dodged            ||    16
